 Dungeon Crawl Stone Soup version 0.31-a0-208-gdb31a4691d (webtiles) character file.

Game seed: 6598152943221894413

27 lunkers the Shield-Bearer (level 3, -3/31 HPs)
             Began as a Meteoran Wanderer on June 28, 2023.
             Slain by a gnoll
             ... wielding a +0 flail
              (5 damage)
             ... on level 2 of the Dungeon.
             The game lasted 00:01:29 (455 turns).

lunkers the Shield-Bearer (Meteoran Wanderer)        Turns: 455, Time: 00:01:30

Health: -3/31      AC:  6    Str: 15    XL:     3   Next: 44%
Magic:  4/4        EV: 10    Int: 11    God:
Gold:   45         SH:  7    Dex: 16    Spells: 2/2 levels left

rFire   . . .        a - +0 hand axe
rCold   . . .        b - +2 buckler
rNeg    . . .        h - +0 ring mail
rPois   .            (no helmet)
rElec   .            (no cloak)
rCorr   .            (no gloves)
SInv    .            c - +0 pair of boots
Will    .....        (no amulet)
Stlth   +            (no ring)
HPRegen 0.25/turn    (no ring)
MPRegen 0.09/turn

%: no passive effects
@: weak-willed, glowing
A: sense surroundings 1, otherworldly, glowing, explore regen
a: no special abilities


You were on level 2 of the Dungeon.
You visited 1 branch of the dungeon, and saw 2 of its levels.

You collected 45 gold pieces.

Inventory:

Hand Weapons
 a - a +0 hand axe (weapon)
Armour
 b - a +2 buckler (worn)
 c - a +0 pair of boots (worn)
 e - a +0 leather armour
 h - a +0 ring mail (worn)
Scrolls
 g - a scroll of identify
Potions
 d - a potion of heal wounds
 f - a potion of might


   Skills:
 - Level 3.2 Fighting
 + Level 3.6 Axes
 - Level 1.2 Throwing
 - Level 1.2 Armour
 - Level 1.2 Dodging
 - Level 3.6 Shields


You had 2 spell levels left.
You didn't know any spells.
Your spell library was empty.

Dungeon Overview and Level Annotations

Branches:
Dungeon (2/15) Zot: 725

Altars:


Innate Abilities, Weirdness & Mutations

You passively map a small area around you.
You are easily found by Zot.
You glow in the dark.
You regain HP and MP as you explore.


Message History

The gnoll shouts!
You hear a shout!
A gnoll comes into view. It is wielding a +0 spear.
The gnoll shouts!
A gnoll comes into view. It is wielding a +0 spear.
You hit the gnoll but do no damage. The gnoll hits you with a +0 flail.
You hit the gnoll.
The gnoll is lightly wounded.
The gnoll hits you with a +0 flail!
You hit the gnoll.
The gnoll is lightly wounded.
You block the gnoll's attack. x2
You barely miss the gnoll.
The gnoll is lightly wounded.
The gnoll hits you from afar with a +0 spear.
The gnoll closely misses you.
You hit the gnoll but do no damage.
The gnoll is lightly wounded.
The gnoll barely misses you. The gnoll hits you with a +0 flail.
* * * LOW HITPOINT WARNING * * *
You closely miss the gnoll.
The gnoll is lightly wounded.
You block the gnoll's attack.
The gnoll hits you from afar with a +0 spear.
* * * LOW HITPOINT WARNING * * *
The gnoll hits you from afar with a +0 spear.
* * * LOW HITPOINT WARNING * * *
The gnoll hits you with a +0 flail.
* * * LOW HITPOINT WARNING * * *
You hit the gnoll.
The gnoll is heavily wounded.
The gnoll hits you but does no damage. The gnoll hits you with a +0 flail.
* * * LOW HITPOINT WARNING * * *
You closely miss the gnoll.
The gnoll is heavily wounded.
The gnoll hits you but does no damage. x2
Unknown command.
You closely miss the gnoll.
The gnoll is heavily wounded.
You block the gnoll's attack. The gnoll hits you with a +0 flail.
You die...

###### #... ##....#####..# ##
#........#...# ..#
#............. #######..##*
##............# ##..........#
##..........#.##
##........##.####........##...#
#..........#.##....#########..#
#...|......#...@#..# ####...##
#.............##g..# ###........
#...............g.####..........
#.................###........†..
##..............####............
##........)....g####............
#..........).......#.........†..
#..........##.............<.....
#.......<..#....g...............


You could see 2 gnolls.

Vanquished Creatures
  A worm (D:2)
  5 bats
  3 endoplasms
  3 goblins (D:2)
  2 hobgoblins (D:1)
  4 ball pythons
  4 frilled lizards (D:2)
  A kobold (D:1)
  A rat (D:2)
24 creatures vanquished.

Notes
Turn   | Place    | Note
-------+----------+-------------------------------------------
     0 | D:1      | lunkers the Meteoran Wanderer began the quest for the Orb.
     0 | D:1      | lunkers set off with the following items: a +0 hand axe, a
                  | +2 buckler, a +0 pair of boots, a potion of heal wounds, a
                  | +0 leather armour.
     0 | D:1      | Reached XP level 1. HP: 19/19 MP: 2/2
    58 | D:1      | Reached XP level 2. HP: 24/26 MP: 3/3
   219 | D:2      | Reached XP level 3. HP: 27/31 MP: 4/4
   455 | D:2      | Slain by a gnoll

Illustrated notes

Levels and vault maps discovered:
D:1:      onia_arrival_handbag, layout_loops_ring,
          shapermc_ecumenical_altar_notcrosses
D:2:      layout_rooms

Skill      XL: |  1  2 |
---------------+-------+-----
Axes           | 2 3 |  3.6
Fighting       | |  3.2
Throwing       | |  1.2
Armour         | |  1.2
Dodging        | |  1.2
Shields        | |  3.6

Action                     || total
---------------------------++-------
  Melee: Hand axe          ||    93
    Use: Scroll            ||     2
 Armour: Leather armour    ||    17
         Ring mail         ||     7
  Dodge: Dodged            ||    37
  Block: Buckler           ||    30

Table legend: (Time is in decaauts)
 A = Elapsed time spent in this place.
 B = Non-inter-level travel time spent in this place.
 C = Inter-level travel time spent in this place.
 D = Time resting spent in this place.
 E = Time spent auto-exploring this place.
 F = Levels seen in this place.
 G = Mean time per level.
                   A        B        C        D        E       F      G
               +--------+--------+--------+--------+--------+-----+--------+
         Total |    473 |    452 |     21 |      0 |    235 |   2 |  236.5 |
       Dungeon |    473 |    452 |     21 |      0 |    235 |   2 |  236.5 |
               +--------+--------+--------+--------+--------+-----+--------+

Top non-repeatable levels by time:
     D:2: 321 daAuts
     D:1: 152 daAuts
